 Dungeon Crawl Stone Soup version 0.30-a0-374-g95c0257040 (webtiles) character file.

Game seed: 7091674748371997987

1 Elric the Firebug (level 1, -1/10 HPs)
             Began as a Deep Elf Fire Elementalist on Nov 25, 2022.
             Killed from afar by a dart slug (4 damage)
             ... with a slug dart
             ... on level 1 of the Dungeon.
             The game lasted 00:00:03 (110 turns).

Elric the Firebug (Deep Elf Fire Elementalist)       Turns: 110, Time: 00:00:06

Health: -1/10      AC:  2    Str:  5    XL:     1   Next: 16%
Magic:  4/6        EV: 12    Int: 19    God:
Gold:   18         SH:  0    Dex: 15    Spells: 5/6 levels left

rFire   . . .      SeeInvis .    (no weapon)
rCold   . . .      Faith    .    (no shield)
rNeg    . . .      Spirit   .    a - +0 robe
rPois   .          Reflect  .    (no helmet)
rElec   .          Harm     .    (no cloak)
rCorr   .          Rampage  .    (no gloves)
Will    .....                    (no boots)
Stlth   ++........               (no amulet)
HPRegen 0.21/turn                (no ring)
MPRegen 0.10/turn                (no ring)

@: no status effects
A: no striking features
a: no special abilities


You were on level 1 of the Dungeon.
You visited 1 branch of the dungeon, and saw 1 of its levels.

You collected 18 gold pieces.

Inventory:

Armour
 a - a +0 robe (worn)
Potions
 b - a potion of magic
 c - a potion of brilliance {unknown}


   Skills:
 + Level 2.4 Dodging
 + Level 2.4 Stealth
 + Level 3.0 Spellcasting
 + Level 1.1 Conjurations
 + Level 3.3 Fire Magic


You had 5 spell levels left.
You knew the following spells:

 Your Spells              Type           Power      Damage    Failure   Level
a - Foxfire               Conj/Fire      44%        2x1d6     6%          1

Your spell library contained the following spells:

 Spells                   Type           Power      Damage    Failure   Level
 Scorch                   Fire           30%        2d7       6%          2
 Inner Flame              Hex/Fire       9%         N/A       24%         3
 Kindle Blastsparks       Fire/Tloc/Air  14%        2d11      28%         3
 Flame Wave               Conj/Fire      11%        2d6       52%         4


Dungeon Overview and Level Annotations

Branches:
Dungeon (1/15)

Altars:


Message History

Confirm with . or Enter, or press ? or * to list all spells.
You conjure some foxfire!
The foxfire hits the goblin.
You kill the goblin!
Your foxfire dissipates!
Casting: Foxfire (safe; 6% risk of failure)
Confirm with . or Enter, or press ? or * to list all spells.
You conjure some foxfire!
Your foxfire dissipates! x2
Your foxfire dissipates! x2
Magic restored.
Things that are here:
a +0 dagger; a goblin corpse You now have 18 gold pieces (gained 12).
c - a dark potion A dart slug and a gnoll come into view.
Found a stone staircase leading down.
The dart slug launches a dart at you. The slug dart hits you.
Ouch! That really hurt!
There are monsters nearby!
There are monsters nearby!
There are monsters nearby!
Casting: Foxfire (safe; 6% risk of failure)
Confirm with . or Enter, or press ? or * to list all spells.
You conjure some foxfire!
The dart slug launches a dart at you. The slug dart hits you.
* * * LOW HITPOINT WARNING * * *
The foxfire hits the gnoll.
The gnoll is moderately wounded.
Casting: Foxfire (safe; 6% risk of failure)
Confirm with . or Enter, or press ? or * to list all spells.
You conjure some foxfire!
The foxfire hits the gnoll.
The gnoll is almost dead.
The foxfire hits the gnoll.
You kill the gnoll!
The dart slug launches a dart at you. The slug dart hits you.
You die...

#......#### ###
>...####.........#####..
.w............##..##....
..............###.......
.......######.# #####..P
.....).#####).# ###..P
#.............# ##~PP~~
#....§§###....# #.~..P.
#.....§@v.....# #~#~...
#......###....# #~#.P..
..##### #....# ##~..[~
#....# ##~.~..P ##...#
#~~..~.. ##...# #.~.PP~.
#....# ##~~~... #....#
#.~~...P #....# #~≈#..P.


You could see a dart slug (ally target).

Vanquished Creatures
  A gnoll (D:1)
  A goblin (D:1)
2 creatures vanquished.

Vanquished Creatures (others)
  8 foxfires (D:1)
8 creatures vanquished.

Grand Total: 10 creatures vanquished

Notes
Turn   | Place    | Note
-------+----------+-------------------------------------------
     0 | D:1      | Elric the Deep Elf Fire Elementalist began the quest for
                  | the Orb.
     0 | D:1      | Reached XP level 1. HP: 10/10 MP: 6/6
   110 | D:1      | Killed from afar by a dart slug

Illustrated notes

Levels and vault maps discovered:
D:1:      lemuel_arrival_muddy, layout_rooms, hex_intersection,
          patterned_corridor

Action                   || total
-------------------------++-------
 Cast: Foxfire           ||     5

Table legend: (Time is in decaauts)
 A = Elapsed time spent in this place.
 B = Non-inter-level travel time spent in this place.
 C = Inter-level travel time spent in this place.
 D = Time resting spent in this place.
 E = Time spent auto-exploring this place.
 F = Levels seen in this place.
 G = Mean time per level.
                   A        B        C        D        E       F      G
               +--------+--------+--------+--------+--------+-----+--------+
         Total |    110 |    110 |      0 |      0 |     96 |   1 |  110.0 |
       Dungeon |    110 |    110 |      0 |      0 |     96 |   1 |  110.0 |
               +--------+--------+--------+--------+--------+-----+--------+

Top non-repeatable levels by time:
     D:1: 110 daAuts
